 Dungeon Crawl Stone Soup version 0.22-a0-396-g3f858e3 (webtiles) character file.

4809 Firecrotchwizard the Spear-Bearer (level 10, -4/72 (73) HPs)
             Began as a Merfolk Gladiator on May 3, 2018.
             Was a Follower of Hepliaklqana.
             Slain by a death yak (14 damage)
             ... on level 7 of the Dungeon.
             The game lasted 00:20:14 (8323 turns).

Firecrotchwizard the Spear-Bearer (MfGl)            Turns: 8323, Time: 00:20:14

HP:   -4/72 (73)    AC:  8    Str: 18    XL:     10   Next: 48%
MP:   10/10         EV: 13    Int:  7    God:    Hepliaklqana [*.....]
Gold: 355           SH:  0    Dex: 21    Spells: 9/9 levels left

rFire    . . .     SeeInvis +   o - +0 halberd
rCold    . . .     Gourm    .   (shield currently unavailable)
rNeg     . . .     Faith    .   e - +0 chain mail
rPois    .         Spirit   .   (no helmet)
rElec    .         Reflect  .   (no cloak)
rCorr    .         Harm     .   (no gloves)
MR       .....                  (no boots)
Stlth    ..........             r - amulet of the acrobat
HPRegen  0.22/turn              c - ring of see invisible {sInv, !d}
MPRegen  0.12/turn              u - +5 ring of dexterity

@: slowed, very slow
A: change form in water, swift swim, stealthy swim, reduced essence
a: Recall Ancestor, Ancestor Identity, Renounce Religion


You were on level 7 of the Dungeon.
You worshipped Hepliaklqana.
Hepliaklqana was aware of your devotion.
You were not hungry.

You visited 2 branches of the dungeon, and saw 9 of its levels.

You collected 415 gold pieces.
You spent 60 gold pieces at shops.

Inventory:

Hand Weapons
 a - a +1 trident
 o - a +0 halberd (weapon)
   (You took it off a gnoll on level 4 of the Dungeon)
 C - a +1 dagger of venom
   (You took it off an orc wizard on level 7 of the Dungeon)
 E - a +0 glaive
   (You took it off an orc warrior on level 8 of the Dungeon)
Missiles
 d - 4 throwing nets {=f, !d}
Armour
 e - a +0 chain mail (worn)
   (You found it on level 1 of the Dungeon)
 t - a +0 hat of magic resistance
   (You took it off Gastronok on level 8 of the Dungeon)
 y - a +0 scale mail of cold resistance
   (You found it on level 5 of the Dungeon)
Jewellery
 c - a ring of see invisible (left hand) {sInv, !d}
   (You found it on level 7 of the Dungeon)
 g - an uncursed ring of stealth {Stlth+}
   (You found it on level 2 of the Dungeon)
 r - an amulet of the acrobat (around neck)
   (You found it on level 2 of the Dungeon)
 u - a +5 ring of dexterity (right hand)
   (You took it off a gnoll on level 4 of the Dungeon)
Wands
 k - a wand of disintegration (21) {@e1}
   (You found it on level 5 of the Dungeon)
 B - a wand of paralysis (14)
   (You found it on level 6 of the Dungeon)
 G - a wand of digging (4)
   (You found it on level 6 of the Dungeon)
Scrolls
 b - 4 scrolls of teleportation
 j - 6 scrolls of identify
 l - a scroll of fear
 p - 2 scrolls of fog {unknown}
 q - 2 scrolls of random uselessness {unknown}
 v - 2 scrolls of remove curse
 A - a scroll of magic mapping {!r}
 F - 3 scrolls of enchant weapon
Potions
 h - a potion of lignification {unknown}
 i - 3 potions of haste
 m - 2 potions of curing
 n - a potion of brilliance {unknown}
 s - a potion of invisibility {unknown}
 w - a potion of heal wounds
 x - a potion of might {unknown}
 z - a potion of resistance
 D - a potion of flight {unknown}
Comestibles
 f - 15 rations {@e1}


   Skills:
 + Level 8.6 Fighting
 * Level 14.9 Polearms
 - Level 2.0 Throwing
 + Level 10.5 Dodging


You had 9 spell levels left.
You didn't know any spells.

Dungeon Overview and Level Annotations

Branches:
Dungeon (8/15)             Temple (1/1) D:4            Lair (0/6) D:8

Altars:
Ashenzari
Cheibriados
Gozag
Hepliaklqana
Kikubaaqudgha
Makhleb
Nemelex Xobeh
Okawaru
Qazlal
Ru
Sif Muna
Uskayaw
Vehumet
Wu Jian
Xom
Yredelemnul
Zin
The Shining One

Shops:
D:6 !   D:7 *

Annotations:
D:3 exclusion: Ijyb, Globixcon's ghost, amateur TrBe; Ijyb; Sigmund


Message History

Gastronok bites you!!
You take 25 damage, and have 39/64 hp.
MASSIVE DAMAGE!!
You are too injured to fight recklessly!
You are too injured to fight recklessly!
You are too injured to fight recklessly!
You completely miss Gastronok.
Wigmund hits Gastronok but does no damage.
You slash Gastronok!
Wigmund hits Gastronok.
Gastronok mumbles some strange words.
A jelly and a necrophage come into view.
You puncture Gastronok! The bat hits you but does no damage.
The bat closely misses you.
Wigmund hits Gastronok.
You slash Gastronok!
The bat barely misses you. x2; Wigmund hits Gastronok.
You puncture Gastronok! The bat closely misses you.
The rat bites you but does no damage. Gastronok bites you but does no damage.
Wigmund hits Gastronok.
You slice Gastronok!! The bat barely misses you. x2
The rat bites you but does no damage.
Wigmund hits Gastronok.
You slash Gastronok! The bat hits you but does no damage. The bat misses you.
The rat completely misses you. Gastronok looks at you while chanting.
You feel yourself slow down.
You impale Gastronok!! The bat closely misses you.
The bat hits you but does no damage. The bat hits you.
Wigmund hits Gastronok.
Gastronok dies!
The bat disappears in a puff of smoke! x2
The rat disappears in a puff of smoke!
Your Fighting skill increases to level 8!
Your Polearms skill increases to level 14!
Your Dodging skill increases to level 10!
You have reached level 10!
You feel agile.
Wigmund remembers more of his old skill.
You regained 4 hp, and now have 44/72 hp.
MP restored: 10 Attack whom?
Aim: a necrophage You reach to attack!
You hit the necrophage but do no damage.
Wigmund hits the jelly.
Wigmund is burned by acid!
Attack whom?
Aim: a necrophage (grey smoke)
You slice the necrophage!! The jelly hits you but does no damage.
Wigmund hits the jelly!
Wigmund is burned by acid!
The necrophage hits you but does no damage.
You puncture the necrophage!
You destroy the necrophage!
The jelly barely misses Wigmund.
Wigmund hits the jelly!
The jelly dies!
You swap places.
You see here a runed hat.
t - a runed hat You swap places.
There is a stone staircase leading up, spattered with blood here.
Attack whom?
Aim: a hound zombie You reach to attack!
You puncture the hound zombie!
The hound zombie bites you but does no damage.
Wigmund barely misses the hound zombie.
Attack whom?
Aim: a hound zombie (heavily damaged)
You hit the hound zombie. The hound zombie closely misses you.
Wigmund barely misses the hound zombie.
Attack whom?
Okay, then.
You slash the hound zombie!
You destroy the hound zombie!
Found a staircase to the Lair.
F - 3 scrolls of enchant weapon (gained 2)
There are no items here.
There is a stone staircase leading up, spattered with blood here.
You now have 355 gold pieces (gained 13).
There is a stone staircase leading up, spattered with blood here.
You start resting.
You regained 3 hp, and now have 52/72 hp.
A death yak comes into view.
Attack whom?
Aim: a death yak You reach to attack!
The death yak bellows!
You hit the death yak but do no damage.
You hear a bellow!
The death yak bellows!
You hear a bellow!
The death yak gores you!
Wigmund hits the death yak!
The death yak gores you.
You climb upwards.
There is a stone staircase leading down here.
You take 21 damage, and have 33/72 hp.
MASSIVE DAMAGE!!
You hit the death yak but do no damage.
Wigmund hits the death yak!
The death yak gores you!!
* * * LOW HITPOINT WARNING * * *
You take 23 damage, and have 10/72 hp.
MASSIVE DAMAGE!!
You hit the death yak.
Wigmund hits the death yak but does no damage.
The death yak gores you!
You die...

#....# ### #....#
#..
##....############..
#.....'..........'..
#.....############..
#.....####......##..
#........#......##..
#..Y............####
#.#@R...........#
#.###....#......#
#.# ##'####'##'##
#.####...##.##..#
#...........###.##
########.....##..###
#...'.....'......
#.#.#.(...###..##
#.###.....# ##.##


You could see the friendly Wigmund the ancestor and a death yak.

Vanquished Creatures
  Joseph (D:7)
  Grinder (D:4)
  2 ice beasts
  2 orc warriors
  A phantom (D:4)
  A hornet zombie (D:7)
  2 necrophages (D:8)
  3 ogres
  2 centaurs
  3 bullfrogs (D:7)
  A wyvern skeleton (D:6)
  4 howler monkeys (D:7)
  3 crimson imps
  A bullfrog zombie (D:6)
  6 orc wizards
  2 orc priests (D:4)
  3 iguanas
  5 worker ants
  A hound skeleton (D:6)
  2 hound zombies
  A worker ant zombie (D:8)
  6 gnolls
  3 adders
  3 shadow imps
  2 oozes
  An adder zombie (D:4)
  An adder skeleton (D:7)
  2 worms
  2 leopard geckos
  25 orcs
  6 bats
  6 giant cockroaches
  11 goblins
  4 hobgoblins
  6 jackals
  2 quokkas
  A ball python (D:4)
  4 frilled lizards
  A jackal skeleton (D:6)
  8 kobolds
  6 rats
147 creatures vanquished.

Vanquished Creatures (collateral kills)
  Gastronok (D:8)
  An ogre (D:7)
  A crimson imp (D:5)
  A jelly (D:8)
  2 orc priests
  An orc wizard (D:4)
  A gnoll shaman (D:6)
  An iguana (D:7)
  A hound zombie (D:7)
  An adder (D:6)
  2 gnolls (D:6)
  6 orcs
  A quokka (D:7)
  A leopard gecko skeleton (D:6)
21 creatures vanquished.

Vanquished Creatures (others)
  8 ancestors
8 creatures vanquished.

Grand Total: 176 creatures vanquished

Notes
Turn   | Place    | Note
-------+----------+-------------------------------------------
     0 | D:1      | Firecrotchwizard the Merfolk Gladiator began the quest for the Orb.
     0 | D:1      | Reached XP level 1. HP: 16/16 MP: 1/1
    85 | D:1      | Reached XP level 2. HP: 23/23 MP: 2/2
   140 | D:1      | Reached skill level 5 in Polearms
   265 | D:1      | Reached XP level 3. HP: 28/28 MP: 3/3
  1136 | D:2      | Reached skill level 3 in Fighting
  1136 | D:2      | Reached XP level 4. HP: 25/35 MP: 4/4
  1735 | D:3      | Noticed Sigmund
  1739 | D:2      | Reached skill level 6 in Polearms
  1941 | D:3      | Noticed Ijyb
  1979 | D:3      | Noticed Globixcon's ghost (amateur TrBe)
  2033 | D:3      | Found a snail-covered altar of Cheibriados.
  2703 | D:4      | Noticed Grinder
  3137 | D:3      | Reached skill level 5 in Dodging
  3261 | D:4      | Found a shimmering altar of Xom.
  3274 | D:4      | Reached XP level 5. HP: 41/41 MP: 5/5
  3395 | D:4      | Reached skill level 7 in Polearms
  3528 | D:4      | Noticed an ogre
  3544 | D:4      | Killed an ogre
  3544 | D:4      | Reached XP level 6. HP: 14/48 MP: 6/6
  3911 | D:3      | Reached skill level 4 in Fighting
  4039 | D:4      | Reached skill level 8 in Polearms
  4063 | D:4      | Found a staircase to the Ecumenical Temple.
  4072 | Temple   | Entered the Ecumenical Temple
  4226 | Temple   | Became a worshipper of Hepliaklqana the Forgotten
  4328 | D:4      | Reached skill level 6 in Dodging
  4466 | D:4      | Noticed a phantom
  4474 | D:4      | Reached XP level 7. HP: 37/49 MP: 7/7
  4493 | D:4      | HP: 6/49 [Grinder (9)]
  4496 | D:4      | Killed Grinder
  4496 | D:4      | Reached skill level 9 in Polearms
  4507 | D:4      | Reached skill level 5 in Fighting
  5044 | D:5      | Entered Level 5 of the Dungeon
  5201 | D:5      | Found a snail-covered altar of Cheibriados.
  5201 | D:5      | Found an ornate altar of the Wu Jian Council.
  5363 | D:5      | Reached XP level 8. HP: 54/55 MP: 8/8
  5381 | D:5      | Reached skill level 10 in Polearms
  5381 | D:5      | Reached skill level 7 in Dodging
  6021 | D:6      | Found Peudghoe's Distillery.
  6033 | D:6      | Bought a potion of heal wounds for 60 gold pieces
  6157 | D:6      | Reached skill level 6 in Fighting
  6157 | D:6      | Reached skill level 11 in Polearms
  6326 | D:6      | Reached * piety under Hepliaklqana
  6519 | D:7      | Reached skill level 8 in Dodging
  6524 | D:7      | HP: 14/57 [orc/hand axe of venom (2)]
  6602 | D:7      | Noticed Joseph
  6620 | D:7      | HP: 14/58 [Joseph/uncursed quarterstaff (12)]
  6621 | D:7      | Killed Joseph
  6621 | D:7      | Reached skill level 12 in Polearms
  6621 | D:7      | Reached XP level 9. HP: 15/63 MP: 9/9
  7036 | D:7      | Reached skill level 7 in Fighting
  7062 | D:7      | Reached skill level 9 in Dodging
  7224 | D:7      | Reached skill level 13 in Polearms
  7273 | D:7      | Found Bemuvug's General Store.
  7634 | D:8      | HP: 16/64 [orc warrior/glaive (4)]
  8217 | D:8      | Noticed a death yak
  8218 | D:8      | Noticed a death yak
  8218 | D:8      | Noticed a death yak
  8218 | D:8      | Noticed a death yak
  8219 | D:8      | Noticed a death yak
  8220 | D:8      | Noticed a death yak
  8274 | D:8      | Noticed Gastronok
  8289 | D:8      | Killed Gastronok
  8289 | D:8      | Reached skill level 8 in Fighting
  8289 | D:8      | Reached skill level 14 in Polearms
  8289 | D:8      | Reached skill level 10 in Dodging
  8289 | D:8      | Reached XP level 10. HP: 44/72 MP: 10/10
  8299 | D:8      | Found a staircase to the Lair.
  8319 | D:8      | Noticed a death yak
  8322 | D:7      | HP: 10/72 [death yak (24)]
  8323 | D:7      | Slain by a death yak

Vault maps used:
D:1:      eino_arrival_cavern_d, minmay_splitting_lines,
          grunt_decor_mini_mirrors
D:2:      first_ration, hangedman_decor_opposing
D:3:      minitemple, serial_forest, infiniplex_forest_lined_ring,
          infiniplex_forest_clump_diagonal, infiniplex_forest_clump_diagonal,
          infiniplex_forest_lined_corner, infiniplex_forest_lined_3,
          grunt_ministairs_3, cheibriados_altar_1, uniq_crazy_yiuf_cottage,
          uniq_ijyb, uniq_sigmund
D:4:      lemuel_temple_firewalk_b, xom_teletrap_fun, uniq_grinder
D:5:      gammafunk_temple_overflow_wave, minmay_misc_feat_more_columns
D:6:      serial_shops, nicolae_shop_waterfront
D:7:      serial_shops, nicolae_shop_waterfront, minmay_misc_feat_roman,
          grunt_ogre_cave, uniq_joseph
D:8:      dpeg_lair_monsters, basic_altar, uniq_gastronok
Temple:   lightli_temple_of_artemis

Skill      XL: |  1  2  3  4  5  6  7  8  9 |
---------------+----------------------------+-----
Polearms       | 5 6 7 8 9 12 14 | 14.9
Fighting       | 3 4 5 6 8 |  8.6
Dodging        | 5 6 8 10 | 10.5
Throwing       | |  2.0

Action                   |  1- 3 |  4- 6 |  7- 9 | 10-12 || total
-------------------------+-------+-------+-------+-------++-------
Melee: Trident           |   101 |   235 |    47 |       ||   383
       Halberd           |       |       |   210 |     9 ||   219
Throw: Throwing net      |       |     1 |       |       ||     1
Invok: Recall Ancestor   |       |     1 |       |       ||     1
  Use: Scroll            |       |     8 |     2 |       ||    10
       Potion            |       |       |     2 |       ||     2
 Stab: Sleeping          |     3 |     3 |       |       ||     6
       Distracted        |       |     1 |     4 |       ||     5
  Eat: Chunk             |     1 |     7 |     9 |       ||    17
       Ration            |       |     1 |     1 |       ||     2
Armor: Leather armour    |    14 |       |       |       ||    14
       Ring mail         |     5 |    46 |     2 |       ||    53
       Scale mail        |       |       |     5 |       ||     5
       Chain mail        |       |       |    33 |     3 ||    36
Dodge: Dodged            |    48 |   131 |    95 |     1 ||   275

Table legend:
 A = Spawn XP
 B = Non-spawn XP
 C = Spawn XP percentage of total XP
 D = Spawn monster count
 E = Non-spawn monster count
 F = Spawn count percentage of total count
 G = Total turns spent on level
                    A         B        C        D         E        F      G
               +---------+---------+-------+---------+---------+-------+---------
         Total |       0 |    6870 |   0.0 |       0 |     168 |   0.0 |  8323
               +---------+---------+-------+---------+---------+-------+---------
           D:1 |       0 |      51 |   0.0 |       0 |      26 |   0.0 |   739
           D:2 |       0 |      47 |   0.0 |       0 |      11 |   0.0 |  1644
           D:3 |       0 |      62 |   0.0 |       0 |      21 |   0.0 |   962
           D:4 |       0 |     902 |   0.0 |       0 |      35 |   0.0 |  1519
           D:5 |       0 |     388 |   0.0 |       0 |      12 |   0.0 |   880
           D:6 |       0 |     574 |   0.0 |       0 |      22 |   0.0 |   567
           D:7 |       0 |    1967 |   0.0 |       0 |      29 |   0.0 |  1183
           D:8 |       0 |    2879 |   0.0 |       0 |      12 |   0.0 |   649
               +---------+---------+-------+---------+---------+-------+---------

Vault maps used:
D:1:      eino_arrival_cavern_d, minmay_splitting_lines,
          grunt_decor_mini_mirrors
D:2:      first_ration, hangedman_decor_opposing
D:3:      minitemple, serial_forest, infiniplex_forest_lined_ring,
          infiniplex_forest_clump_diagonal, infiniplex_forest_clump_diagonal,
          infiniplex_forest_lined_corner, infiniplex_forest_lined_3,
          grunt_ministairs_3, cheibriados_altar_1, uniq_crazy_yiuf_cottage,
          uniq_ijyb, uniq_sigmund
D:4:      lemuel_temple_firewalk_b, xom_teletrap_fun, uniq_grinder
D:5:      gammafunk_temple_overflow_wave, minmay_misc_feat_more_columns
D:6:      serial_shops, nicolae_shop_waterfront
D:7:      serial_shops, nicolae_shop_waterfront, minmay_misc_feat_roman,
          grunt_ogre_cave, uniq_joseph
D:8:      dpeg_lair_monsters, basic_altar, uniq_gastronok
Temple:   lightli_temple_of_artemis

Table legend:
 A = Turns spent in this place as a percentage of turns spent in the entire game.
 B = Non-inter-level travel turns spent in this place as a percentage of non-inter-level travel turns spent in the entire game.
 C = Inter-level travel turns spent in this place as a percentage of turns spent in this place.
 D = Turns resting spent in this place as a percentage of non-inter-level travel turns spent in this place.
 E = Turns spent auto-exploring this place as a percentage of non-inter-level travel turns spent in this place.
 F = Non-inter-level travel turns spent in this place divided by the number of levels of this place that you've seen.
                   A       B       C       D       E      F
               +-------+-------+-------+-------+-------+----------------------
         Total | 100.0 | 100.0 |   9.4 |  30.4 |  45.3 | 838.1
       Dungeon |  97.8 |  97.9 |   9.3 |  30.2 |  45.1 | 923.5
        Temple |   2.2 |   2.1 |  13.9 |  38.7 |  54.8 | 155.0
               +-------+-------+-------+-------+-------+----------------------

Table legend:
 A = Kills in this place as a percentage of kills in entire the game.
 B = Kills by you in this place as a percentage of kills by you in the entire game.
 C = Kills by friends in this place as a percentage of kills by friends in the entire game.
 D = Other kills in this place as a percentage of other kills in the entire game.
 E = Experience gained in this place as a percentage of experience gained in the entire game.
 F = Experience gained in this place divided by the number of levels of this place that you have seen.
                   A       B       C       D       E      F
               +-------+-------+-------+-------+-------+----------------------
         Total | 100.0 | 100.0 | 100.0 |   N/A | 100.0 | 763.3
       Dungeon | 100.0 | 100.0 | 100.0 |   N/A | 100.0 | 858.8
               +-------+-------+-------+-------+-------+----------------------
